 Dungeon Crawl Stone Soup version 0.20.1-1-g8b1a95d (webtiles) character file.

152 peteyfrogboy the Chopper (level 5, -5/46 HPs)
             Began as a Deep Dwarf Fighter on Oct 29, 2017.
             Killed from afar by an orc wizard (7 damage)
             ... with a magic dart
             ... on level 3 of the Dungeon on Oct 30, 2017.
             The game lasted 00:03:48 (1753 turns).

peteyfrogboy the Chopper (Deep Dwarf Fighter)       Turns: 1753, Time: 00:03:49

Health: -5/46      AC:  9    Str: 26    XL:     5   Next: 11%
Magic:  5/5        EV:  6    Int: 13    God:
Gold:   108        SH: 10    Dex: 12    Spells: 4/4 levels left

rFire    . . .     SeeInvis .   a - +0 war axe
rCold    . . .     Gourm    .   c - +0 shield
rNeg     . . .     Faith    .   h - +0 chain mail (curse)
rPois    .         Spirit   .   (no helmet)
rElec    .         Reflect  .   (no cloak)
rCorr    .         Harm     .   (no gloves)
MR       .....                  (no boots)
Stlth    ..........             (no amulet)
Regen    0.0/turn               (no ring)
MPRegen  0.1/turn               (no ring)

@: mighty, brilliant, flying, non-regenerating
A: damage resistance, heal wounds, sense surroundings 1, no regeneration
a: Heal Wounds


You were on level 3 of the Dungeon.
You were not hungry.

You visited 1 branch of the dungeon, and saw 3 of its levels.

You collected 108 gold pieces.

Inventory:

Hand Weapons
 a - a +0 war axe (weapon)
Armour
 c - a +0 shield (worn)
 h - a cursed +0 chain mail (worn)
Scrolls
 b - a scroll of teleportation {unknown}
 e - 3 scrolls of identify {unknown}
 i - a scroll of blinking {unknown}
 j - a scroll of random uselessness {unknown}
 n - a scroll of enchant weapon {unknown}
Potions
 k - a potion of curing
Comestibles
 f - 5 bread rations
 l - 2 chunks of flesh


   Skills:
 - Level 2.6 Fighting
 + Level 5.9 Axes
 - Level 3.2 Armour
 - Level 3.2 Shields


You had 4 spell levels left.
You didn't know any spells.

Dungeon Overview and Level Annotations

Branches:
Dungeon (3/15)

Altars:
Elyvilon
Fedhas
Hepliaklqana
Sif Muna

Annotations:
D:3 peteyfrogboy's ghost, amateur DDFi


Innate Abilities, Weirdness & Mutations

You are resistant to damage.
You can heal yourself by infusing magical energy.
You passively map a small area around you.
You do not regenerate.


Message History

Your shield prevents you from hitting peteyfrogboy's ghost.
Peteyfrogboy's ghost is heavily damaged.
You block peteyfrogboy's ghost's attack.
You hit peteyfrogboy's ghost.
Peteyfrogboy's ghost is severely damaged.
You block peteyfrogboy's ghost's attack.
The orc wizard casts a spell.
The orc wizard blinks!
Peteyfrogboy's ghost hits you but does no damage.
You hit peteyfrogboy's ghost.
Peteyfrogboy's ghost is severely damaged.
The orc wizard casts a spell at you. The magic dart hits you!
* * * LOW HITPOINT WARNING * * *
You block peteyfrogboy's ghost's attack.
You hit peteyfrogboy's ghost but do no damage.
Peteyfrogboy's ghost is severely damaged.
The orc wizard casts a spell at you. The magic dart hits you!
You die...

, , , , +* # ** , * *
, .. , , , , ... , ,
* .... *############
, ....., #...........
, .....J##...........
*
,....ooW@............
.....J##.o..........#
, , .....
#............####
....
*#................ ,
### *
#...........(.... ,
#................
#........(....... , *
#................ ,
#................


You could see a jelly, an orc wizard, peteyfrogboy's ghost, an ooze and 2 orcs.

Vanquished Creatures
  3 gnolls (D:3)
  5 adders
  An ooze (D:2)
  2 worms (D:2)
  A dart slug (D:2)
  A leopard gecko (D:3)
  4 orcs (D:3)
  2 ball pythons
  3 giant cockroaches (D:2)
  6 goblins
  7 hobgoblins
  5 jackals
  6 kobolds
  3 quokkas
  5 bats
  3 frilled lizards
  5 rats
62 creatures vanquished.

Notes
Turn   | Place    | Note
-------+----------+-------------------------------------------
     0 | D:1      | peteyfrogboy the Deep Dwarf Fighter began the quest for the Orb.
     0 | D:1      | Reached XP level 1. HP: 20/20 MP: 1/1
   168 | D:1      | Reached skill level 3 in Axes
   168 | D:1      | Reached XP level 2. HP: 27/27 MP: 2/2
   665 | D:1      | Reached skill level 4 in Axes
   665 | D:1      | Reached XP level 3. HP: 28/33 MP: 3/3
   695 | D:2      | Found a faded altar of an unknown god.
   808 | D:2      | Found a deep blue altar of Sif Muna.
   811 | D:2      | Found a blossoming altar of Fedhas.
   818 | D:2      | Found a hazy altar of Hepliaklqana.
   821 | D:2      | Found a white marble altar of Elyvilon.
   838 | D:2      | Reached XP level 4. HP: 26/40 MP: 4/4
  1033 | D:2      | Reached skill level 5 in Axes
  1681 | D:3      | Reached XP level 5. HP: 14/46 MP: 5/5
  1733 | D:3      | Noticed peteyfrogboy's ghost (amateur DDFi)
  1752 | D:3      | HP: 2/46 [orc wizard/magic dart (1)]
  1753 | D:3      | Killed from afar by an orc wizard

Skill      XL: |  1  2  3  4 |
---------------+-------------+-----
Axes           | 3 4 5 |  5.9
Fighting       | |  2.6
Armour         | |  3.2
Shields        | |  3.2

Action                   |  1- 3 |  4- 6 || total
-------------------------+-------+-------++-------
Melee: War axe           |   112 |   141 ||   253
  Use: Potion            |       |     4 ||     4
  Eat: Chunk             |       |     3 ||     3
Armor: Chain mail        |    77 |    63 ||   140
       Scale mail        |     1 |       ||     1
Dodge: Dodged            |    28 |    38 ||    66
Block: Shield            |    84 |    79 ||   163
